Icehogs vs Crunch
Created - December 9, 2024 at 19:06
Goals
|
Icehogs |
1 |
2 |
2 |
5 |
Crunch |
1 |
1 |
0 |
2 |
|
Shots
|
Icehogs |
13 |
13 |
17 |
43 |
Crunch |
15 |
9 |
11 |
35 |
|
1st period
1. Icehogs , Hudson Fasching 12 (Mikhail Grigorenko 14, Declan Chisholm 4) at 7:59
2. Crunch , Connor Bunnaman 8 (Ryan Lindgren 4) at 9:10
Penalties :
No Penalty
2nd period
3. Icehogs , Hudson Fasching 13 (Mikhail Grigorenko 15, Dillon Dube 13) at 0:41 (PP)
4. Icehogs , Dillon Dube 11 (Hudson Fasching 15) at 0:47
5. Crunch , Jean-Sebastien Dea 9 (Nils Lundkvist 7) at 15:14
Penalties :
Ryan Lindgren (Syr) for Cross-checking (Minor) at 0:27, Jeremy Bracco (Syr) for Holding (Minor) at 0:54, Trevor Zegras (Roc) for Roughing (Minor) at 5:37, Nikita Scherbak (Roc) for Kneeing (Minor) at 10:58
3rd period
6. Icehogs , Calle Andersson 1 (Ben Johnson 6, Jeremy Davies 5) at 0:37
7. Icehogs , Trevor Zegras 11 (Nikita Scherbak 9, Andrew Poturalski 15) at 7:53 (PP)
Penalties :
Anatoli Golyshev (Syr) for Roughing (Minor) at 6:42
Goalie Stats
Mackenzie Blackwood (Roc), 33 saves from 35 shots - (0.943), W, 9-6-0, 60:00 minutes
Ukko-Pekka Luukkonen (Syr), 38 saves from 43 shots - (0.884), L, 4-5-2, 60:00 minutes
Players Stats for Icehogs
Player Name G A P +/- PIM S H SB GA TA FO MP PP MP PK MP
------------------------------------------------------------------------------------
Andrew Poturalski 0 1 1 0 0 2 2 0 0 2 9/23 16:00 1:17 0:52
Ben Johnson 0 1 1 0 0 3 0 0 0 0 1/4 11:28 0:00 0:54
Calle Andersson 1 0 1 0 0 4 1 0 1 2 0/0 19:48 1:48 1:04
Clark Bishop 0 0 0 0 0 1 1 0 0 0 2/3 9:05 0:00 0:00
Declan Chisholm 0 1 1 0 0 0 0 0 0 0 0/0 12:05 0:00 0:00
Dillon Dube 1 1 2 1 0 4 1 0 0 0 17/34 23:27 2:07 2:12
Gabriel Fortier 0 0 0 0 0 1 0 0 0 0 0/1 9:05 0:00 0:00
Hudson Fasching 2 1 3 1 0 8 3 0 1 0 0/0 20:51 2:07 0:00
Jeremy Davies 0 1 1 0 0 2 2 2 1 0 0/0 19:48 1:48 1:04
JJ. Piccinich 0 0 0 0 0 0 2 1 0 0 0/0 10:30 0:00 0:00
Julius Honka 0 0 0 1 0 2 0 3 0 2 0/0 28:07 1:36 2:54
Mikhail Grigorenko 0 2 2 1 0 8 0 2 3 0 1/2 23:15 2:07 2:09
Mitchell Chaffee 0 0 0 0 0 1 0 0 0 0 1/1 9:05 0:00 0:00
Nikita Scherbak 0 1 1 0 2 1 1 1 1 0 1/1 16:05 1:17 0:34
Patrick Sieloff 0 0 0 1 0 2 1 0 0 2 0/0 28:07 1:36 2:54
Ross Johnston 0 0 0 0 0 0 1 0 0 0 0/0 11:04 0:00 0:30
Trevor Zegras 1 0 1 0 2 3 0 0 0 1 0/0 16:05 1:17 0:45
Zach Whitecloud 0 0 0 0 0 1 1 0 0 2 0/0 12:05 0:00 0:00
Players Stats for Crunch
Player Name G A P +/- PIM S H SB GA TA FO MP PP MP PK MP
------------------------------------------------------------------------------------
Adam Boqvist 0 0 0 1 0 1 1 3 1 1 0/0 20:04 1:53 1:21
Anatoli Golyshev 0 0 0 1 2 4 0 0 0 0 1/1 16:24 1:46 0:48
Brandon Biro 0 0 0 0 0 0 0 1 0 0 0/0 12:05 0:00 0:00
Cam Hillis 0 0 0 0 0 2 0 0 1 0 3/4 8:27 0:00 0:00
Connor Bunnaman 1 0 1 1 0 3 2 0 2 0 6/13 16:24 1:46 0:47
Dylan Cozens 0 0 0 0 0 2 0 0 2 1 1/3 12:24 0:00 0:19
Gustav Lindstrom 0 0 0 -2 0 3 3 0 1 1 0/0 26:54 2:05 2:17
Jean-Sebastien Dea 1 0 1 -2 0 10 2 0 1 2 22/41 22:27 2:12 2:00
Jeremy Bracco 0 0 0 -2 2 3 1 1 0 1 1/2 20:26 2:12 0:00
Joe Veleno 0 0 0 0 0 0 1 1 0 0 0/0 9:51 0:00 0:42
Liam Foudy 0 0 0 0 0 1 3 0 1 0 1/1 12:05 0:00 0:00
Maxime Comtois 0 0 0 -2 0 3 1 2 0 0 1/2 21:57 2:12 2:12
Michael Joly 0 0 0 1 0 0 2 1 1 0 1/2 15:37 1:46 0:00
Nils Lundkvist 0 1 1 1 0 0 0 1 0 0 0/0 19:50 1:53 1:07
Ryan Lindgren 0 1 1 -2 2 1 2 1 0 0 0/0 26:39 2:05 2:03
Scott Perunovich 0 0 0 0 0 1 0 1 0 1 0/0 13:16 0:00 0:00
Thomas Harley 0 0 0 0 0 0 0 1 1 0 0/0 13:16 0:00 0:00
Ty Dellandrea 0 0 0 0 0 1 2 0 0 0 0/0 8:27 0:00 0:00
3 Stars
1 - Hudson Fasching (Roc)
2 - Dillon Dube (Roc)
3 - Mackenzie Blackwood (Roc)
Power Play
Icehogs - 2 on 3 Attempt(s) - 66.67%
Crunch - 0 on 2 Attempt(s) - 0.00%
Penalty Kill
Icehogs - 2 on 2 Attempt(s) - 100.00%
- Score 0 goal in Penalty Kill
Crunch - 1 on 3 Attempt(s) - 33.33%
- Score 0 goal in Penalty Kill
Team Stat
Icehogs - Hits : 16 - Faceoff Wins : 32 - Blocked Shots : 9 - Penalty Minutes : 4
Crunch - Hits : 20 - Faceoff Wins : 37 - Blocked Shots : 13 - Penalty Minutes : 6
Official
Referees : Dan O'Rourke and Francois St. Laurent
Linesman : Bryan Pancich and Ryan Gibbons
Game Notes
No Game Note
Finance
Level 1 -- Attendance: 2000 (100.00%) -- Ticket Income $140,000
Level 2 -- Attendance: 900 (90.00%) -- Ticket Income $36,000
Total Attendance: 2900 (96.67%)
Total Ticket Income: $176,000
Other Income: $8,800
Total Income: $184,800
Icehogs
5 vs 5 Forward
Center Left Wing Right Wing Time % Phy DF OF
1 Dillon Dube Mikhail Grigorenko Hudson Fasching 40 1 2 2
2 Andrew Poturalski Trevor Zegras Nikita Scherbak 30 1 2 2
3 Ben Johnson Ross Johnston JJ. Piccinich 20 1 2 2
4 Clark Bishop Gabriel Fortier Mitchell Chaffee 10 1 2 2
5 vs 5 Defense
Defense Defense Time % Phy DF OF
1 Patrick Sieloff Julius Honka 40 1 2 2
2 Jeremy Davies Calle Andersson 30 1 2 2
3 Zach Whitecloud Declan Chisholm 20 1 2 2
4 Patrick Sieloff Julius Honka 10 1 2 2
PowerPlay Forward
Center Left Wing Right Wing Time % Phy DF OF
1 Dillon Dube Mikhail Grigorenko Hudson Fasching 60 1 2 2
2 Andrew Poturalski Trevor Zegras Nikita Scherbak 40 1 2 2
PowerPlay Defense
Defense Defense Time % Phy DF OF
1 Patrick Sieloff Julius Honka 60 1 2 2
2 Jeremy Davies Calle Andersson 40 1 2 2
Penalty Kill 4 Players Forward
Center Wing Time % Phy DF OF
1 Dillon Dube Mikhail Grigorenko 60 1 2 2
2 Andrew Poturalski Trevor Zegras 40 1 2 2
Penalty Kill 4 Players Defense
Defense Defense Time % Phy DF OF
1 Patrick Sieloff Julius Honka 60 1 2 2
2 Jeremy Davies Calle Andersson 40 1 2 2
Penalty Kill - 3 Players Forward
Forward Time % Phy DF OF
1 Dillon Dube 60 1 2 2
2 Andrew Poturalski 40 1 2 2
Penalty Kill - 3 Players Defense
Defense Defense Time % Phy DF OF
1 Patrick Sieloff Julius Honka 60 1 2 2
2 Jeremy Davies Calle Andersson 40 1 2 2
4 vs 4 Forward
Center Wing Time % Phy DF OF
1 Dillon Dube Mikhail Grigorenko 60 1 2 2
2 Andrew Poturalski Trevor Zegras 40 1 2 2
4 vs 4 Defense
Defense Defense Time % Phy DF OF
1 Patrick Sieloff Julius Honka 60 1 2 2
2 Jeremy Davies Calle Andersson 40 1 2 2
Last Minutes Offensive
Center Left Wing Right Wing Defense Defense
Dillon Dube Mikhail Grigorenko Hudson Fasching Patrick Sieloff Julius Honka
Last Minutes Defensive
Center Left Wing Right Wing Defense Defense
Dillon Dube Mikhail Grigorenko Hudson Fasching Patrick Sieloff Julius Honka
Goaltenders
Starting : Mackenzie Blackwood
Backup : Oscar Dansk
Extra Forwards
Normal : Nikita Scherbak, Trevor Zegras, Ben Johnson - PP : Nikita Scherbak, Trevor Zegras - PK : Nikita Scherbak
Extra Defensemen
Normal : Calle Andersson, Zach Whitecloud, Declan Chisholm - PP : Calle Andersson - PK : Calle Andersson, Zach Whitecloud
Penalty Shots
Mikhail Grigorenko, Hudson Fasching, Dillon Dube, Andrew Poturalski, Nikita Scherbak
Custom OT Lines Forwards
Mikhail Grigorenko, Hudson Fasching, Dillon Dube, Andrew Poturalski, Nikita Scherbak, Trevor Zegras, Ben Johnson, Ross Johnston, Clark Bishop, JJ. Piccinich
Custom OT Lines Defensemen
Patrick Sieloff, Julius Honka, Jeremy Davies, Calle Andersson, Zach Whitecloud
Scratches
Kristian Reichel (Healthy), Maxim Letunov (Healthy), Jackson Cates (Healthy), Antoine Morand (Healthy), Nikita Okhotyuk (Healthy)
Egor Afanasyev (Healthy), Petr Kvaca (Healthy)
Crunch
5 vs 5 Forward
Center Left Wing Right Wing Time % Phy DF OF
1 Jean-Sebastien Dea Maxime Comtois Jeremy Bracco 40 1 2 2
2 Connor Bunnaman Anatoli Golyshev Michael Joly 30 1 2 2
3 Dylan Cozens Brandon Biro Liam Foudy 20 1 2 2
4 Cam Hillis Joe Veleno Ty Dellandrea 10 1 2 2
5 vs 5 Defense
Defense Defense Time % Phy DF OF
1 Ryan Lindgren Gustav Lindstrom 40 1 2 2
2 Nils Lundkvist Adam Boqvist 30 1 2 2
3 Scott Perunovich Thomas Harley 20 1 2 2
4 Ryan Lindgren Gustav Lindstrom 10 1 2 2
PowerPlay Forward
Center Left Wing Right Wing Time % Phy DF OF
1 Jean-Sebastien Dea Maxime Comtois Jeremy Bracco 60 1 2 2
2 Connor Bunnaman Anatoli Golyshev Michael Joly 40 1 2 2
PowerPlay Defense
Defense Defense Time % Phy DF OF
1 Ryan Lindgren Gustav Lindstrom 60 1 2 2
2 Nils Lundkvist Adam Boqvist 40 1 2 2
Penalty Kill 4 Players Forward
Center Wing Time % Phy DF OF
1 Jean-Sebastien Dea Maxime Comtois 60 1 2 2
2 Connor Bunnaman Anatoli Golyshev 40 1 2 2
Penalty Kill 4 Players Defense
Defense Defense Time % Phy DF OF
1 Ryan Lindgren Gustav Lindstrom 60 1 2 2
2 Nils Lundkvist Adam Boqvist 40 1 2 2
Penalty Kill - 3 Players Forward
Forward Time % Phy DF OF
1 Jean-Sebastien Dea 60 1 2 2
2 Connor Bunnaman 40 1 2 2
Penalty Kill - 3 Players Defense
Defense Defense Time % Phy DF OF
1 Ryan Lindgren Gustav Lindstrom 60 1 2 2
2 Nils Lundkvist Adam Boqvist 40 1 2 2
4 vs 4 Forward
Center Wing Time % Phy DF OF
1 Jean-Sebastien Dea Maxime Comtois 60 1 2 2
2 Connor Bunnaman Anatoli Golyshev 40 1 2 2
4 vs 4 Defense
Defense Defense Time % Phy DF OF
1 Ryan Lindgren Gustav Lindstrom 60 1 2 2
2 Nils Lundkvist Adam Boqvist 40 1 2 2
Last Minutes Offensive
Center Left Wing Right Wing Defense Defense
Jean-Sebastien Dea Maxime Comtois Jeremy Bracco Ryan Lindgren Gustav Lindstrom
Last Minutes Defensive
Center Left Wing Right Wing Defense Defense
Jean-Sebastien Dea Maxime Comtois Jeremy Bracco Ryan Lindgren Gustav Lindstrom
Goaltenders
Starting : Ukko-Pekka Luukkonen
Backup : Kaapo Kahkonen
Extra Forwards
Normal : Anatoli Golyshev, Michael Joly, Liam Foudy - PP : Anatoli Golyshev, Michael Joly - PK : Anatoli Golyshev
Extra Defensemen
Normal : Adam Boqvist, Scott Perunovich, Thomas Harley - PP : Adam Boqvist - PK : Adam Boqvist, Scott Perunovich
Penalty Shots
Jean-Sebastien Dea, Maxime Comtois, Jeremy Bracco, Connor Bunnaman, Anatoli Golyshev
Custom OT Lines Forwards
Jean-Sebastien Dea, Maxime Comtois, Jeremy Bracco, Connor Bunnaman, Anatoli Golyshev, Michael Joly, Liam Foudy, Brandon Biro, Ty Dellandrea, Joe Veleno
Custom OT Lines Defensemen
Ryan Lindgren, Gustav Lindstrom, Nils Lundkvist, Adam Boqvist, Scott Perunovich
Scratches
Blake Lizotte (Healthy), Michael Downing (Healthy), Sean Walker (Healthy), Blake Hillman (Healthy), Lukas Dostal (Healthy)
Josef Korenar (Healthy)
% Time on Ice - Icehogs
Lines # - Real PCT - Wanted PCT - Time Play
Normal Forward
1 - 36% - 40% - 19:12
2 - 26% - 30% - 13:51
3 - 20% - 20% - 10:30
4 - 17% - 10% - 9:05
Normal Defense
1 - 40% - 40% - 20:50
2 - 32% - 30% - 16:56
3 - 23% - 20% - 12:05
4 - 5% - 10% - 2:47
PP Forward
1 - 62% - 60% - 2:07
2 - 38% - 40% - 1:17
PP Defense
1 - 47% - 60% - 1:36
2 - 53% - 40% - 1:48
PK Forward
1 - 78% - 60% - 3:06
2 - 22% - 40% - 0:52
PK Defense
1 - 73% - 60% - 2:54
2 - 27% - 40% - 1:04
PK3 Forward
1 - 0% - 60%
2 - 0% - 40%
PK3 Defense
1 - 0% - 60%
2 - 0% - 40%
44 Forward
1 - 0% - 60%
2 - 0% - 40%
44 Defense
1 - 0% - 60%
2 - 0% - 40%
Last Minute Offensive - 0:00
Last Minute Defensive - 0:00
Total
Forward - 60:00
Defense - 60:00
|
% Time on Ice - Crunch
Lines # - Real PCT - Wanted PCT - Time Play
Normal Forward
1 - 35% - 40% - 18:15
2 - 26% - 30% - 13:51
3 - 23% - 20% - 12:05
4 - 16% - 10% - 8:27
Normal Defense
1 - 38% - 40% - 20:10
2 - 32% - 30% - 16:50
3 - 25% - 20% - 13:16
4 - 4% - 10% - 2:22
PP Forward
1 - 55% - 60% - 2:12
2 - 45% - 40% - 1:46
PP Defense
1 - 53% - 60% - 2:05
2 - 47% - 40% - 1:53
PK Forward
1 - 77% - 60% - 2:37
2 - 23% - 40% - 0:47
PK Defense
1 - 67% - 60% - 2:17
2 - 33% - 40% - 1:07
PK3 Forward
1 - 0% - 60%
2 - 0% - 40%
PK3 Defense
1 - 0% - 60%
2 - 0% - 40%
44 Forward
1 - 0% - 60%
2 - 0% - 40%
44 Defense
1 - 0% - 60%
2 - 0% - 40%
Last Minute Offensive - 0:00
Last Minute Defensive - 0:00
Total
Forward - 60:00
Defense - 60:00
|
Play-by-Play
1st period
0:01 of 1st period - Dillon Dube wins face-off versus Jean-Sebastien Dea in neutral zone.
0:26 of 1st period - Gustav Lindstrom is hit by JJ. Piccinich and loses puck.
0:37 of 1st period - Slapshot by Jeremy Davies.
0:37 of 1st period - Deflect By Maxime Comtois.
0:37 of 1st period - Stopped by Ukko-Pekka Luukkonen with a rebound.
0:39 of 1st period - Slapshot by Calle Andersson.
0:39 of 1st period - Deflect By Ben Johnson.
0:39 of 1st period - Deflect By Gustav Lindstrom.
0:39 of 1st period - Shot Misses the Net.
0:39 of 1st period - Puck is out of play.
0:40 of 1st period - Andrew Poturalski wins face-off versus Connor Bunnaman in Crunch zone.
0:51 of 1st period - Wrist shot by Michael Joly.
0:51 of 1st period - Deflect By Anatoli Golyshev.
0:51 of 1st period - Shot Misses the Net.
0:51 of 1st period - Puck is out of play.
0:52 of 1st period - Dylan Cozens wins face-off versus Clark Bishop in Icehogs zone.
1:17 of 1st period - Thomas Harley is hit by Hudson Fasching and loses puck.
1:40 of 1st period - Snap shot by Trevor Zegras.
1:40 of 1st period - Shot Misses the Net.
1:50 of 1st period - Slapshot by Andrew Poturalski.
1:50 of 1st period - Stopped by Ukko-Pekka Luukkonen with a rebound.
2:02 of 1st period - Slapshot by Mitchell Chaffee.
2:02 of 1st period - Shot Misses the Net.
2:04 of 1st period - Slapshot by Patrick Sieloff.
2:04 of 1st period - Deflect By Mitchell Chaffee.
2:04 of 1st period - Shot Misses the Net.
2:04 of 1st period - Puck is out of play.
2:05 of 1st period - Clark Bishop wins face-off versus Jean-Sebastien Dea in Crunch zone.
2:08 of 1st period - Slapshot by Clark Bishop.
2:08 of 1st period - Shot Misses the Net.
2:10 of 1st period - Slapshot by Julius Honka.
2:10 of 1st period - Shot Misses the Net.
2:28 of 1st period - Snap shot by Clark Bishop.
2:28 of 1st period - Stopped by Ukko-Pekka Luukkonen without a rebound.
2:29 of 1st period - Connor Bunnaman wins face-off versus Dillon Dube in Crunch zone.
3:00 of 1st period - Snap shot by Maxime Comtois.
3:00 of 1st period - Stopped by Mackenzie Blackwood without a rebound.
3:01 of 1st period - Jean-Sebastien Dea wins face-off versus Andrew Poturalski in Icehogs zone.
3:27 of 1st period - Snap shot by Maxime Comtois.
3:27 of 1st period - Stopped by Mackenzie Blackwood with a rebound.
3:53 of 1st period - Snap shot by Gabriel Fortier.
3:53 of 1st period - Shot Misses the Net.
3:55 of 1st period - Wrist shot by Gabriel Fortier.
3:55 of 1st period - Stopped by Ukko-Pekka Luukkonen without a rebound.
3:56 of 1st period - Clark Bishop wins face-off versus Dylan Cozens in Crunch zone.
4:50 of 1st period - Slapshot by Dylan Cozens.
4:50 of 1st period - Stopped by Mackenzie Blackwood with a rebound.
4:56 of 1st period - Snap shot by Mitchell Chaffee.
4:56 of 1st period - Stopped by Ukko-Pekka Luukkonen with a rebound.
4:58 of 1st period - Slapshot by Zach Whitecloud.
4:58 of 1st period - Stopped by Ukko-Pekka Luukkonen with a rebound.
5:12 of 1st period - Snap shot by Gabriel Fortier.
5:12 of 1st period - Shot Blocked by Brandon Biro.
5:14 of 1st period - Slapshot by Zach Whitecloud.
5:14 of 1st period - Deflect By Gabriel Fortier.
5:14 of 1st period - Shot Misses the Net.
5:14 of 1st period - Puck is out of play.
5:15 of 1st period - Dillon Dube wins face-off versus Connor Bunnaman in Crunch zone.
5:18 of 1st period - Wrist shot by Mikhail Grigorenko.
5:18 of 1st period - Shot Blocked by Michael Joly.
5:46 of 1st period - Off-side.
5:47 of 1st period - Cam Hillis wins face-off versus Andrew Poturalski in neutral zone.
6:24 of 1st period - Snap shot by Hudson Fasching.
6:24 of 1st period - Stopped by Ukko-Pekka Luukkonen with a rebound.
6:26 of 1st period - Backhand shot by Jeremy Davies.
6:26 of 1st period - Stopped by Ukko-Pekka Luukkonen without a rebound.
6:27 of 1st period - Jean-Sebastien Dea wins face-off versus Ben Johnson in Crunch zone.
6:40 of 1st period - Snap shot by Jean-Sebastien Dea.
6:40 of 1st period - Shot Blocked by Julius Honka.
7:59 of 1st period - Wrist shot by Hudson Fasching.
7:59 of 1st period - Goal by Hudson Fasching - Icehogs : 1 - Crunch : 0.
8:00 of 1st period - Dillon Dube wins face-off versus Connor Bunnaman in neutral zone.
8:27 of 1st period - Trevor Zegras is hit by Ryan Lindgren and loses puck.
8:36 of 1st period - Snap shot by Jean-Sebastien Dea.
8:36 of 1st period - Shot Blocked by Julius Honka.
8:52 of 1st period - Jeremy Davies is hit by Liam Foudy and loses puck.
8:58 of 1st period - Icing by JJ. Piccinich.
8:59 of 1st period - Anatoli Golyshev wins face-off versus Ben Johnson in Icehogs zone.
9:10 of 1st period - Snap shot by Connor Bunnaman.
9:10 of 1st period - Goal by Connor Bunnaman - Icehogs : 1 - Crunch : 1.
9:11 of 1st period - Jean-Sebastien Dea wins face-off versus Mikhail Grigorenko in neutral zone.
9:27 of 1st period - Slapshot by Mikhail Grigorenko.
9:27 of 1st period - Stopped by Ukko-Pekka Luukkonen without a rebound.
9:28 of 1st period - Connor Bunnaman wins face-off versus Andrew Poturalski in Crunch zone.
10:42 of 1st period - Slapshot by Patrick Sieloff.
10:42 of 1st period - Stopped by Ukko-Pekka Luukkonen with a rebound.
11:48 of 1st period - Wrist shot by Ty Dellandrea.
11:48 of 1st period - Shot Blocked by JJ. Piccinich.
12:00 of 1st period - Calle Andersson is hit by Liam Foudy and loses puck.
12:29 of 1st period - Patrick Sieloff is hit by Michael Joly and loses puck.
13:03 of 1st period - Wrist shot by Maxime Comtois.
13:03 of 1st period - Stopped by Mackenzie Blackwood without a rebound.
13:04 of 1st period - Cam Hillis wins face-off versus Ben Johnson in Icehogs zone.
13:09 of 1st period - Snap shot by Joe Veleno.
13:09 of 1st period - Shot Misses the Net.
13:11 of 1st period - Slapshot by Gustav Lindstrom.
13:11 of 1st period - Stopped by Mackenzie Blackwood without a rebound.
13:12 of 1st period - Jean-Sebastien Dea wins face-off versus Dillon Dube in Icehogs zone.
13:21 of 1st period - Wrist shot by Jean-Sebastien Dea.
13:21 of 1st period - Stopped by Mackenzie Blackwood without a rebound.
13:22 of 1st period - Jean-Sebastien Dea wins face-off versus Dillon Dube in Icehogs zone.
13:26 of 1st period - Icing by Julius Honka.
13:27 of 1st period - Dillon Dube wins face-off versus Jeremy Bracco in Icehogs zone.
14:05 of 1st period - Wrist shot by Maxime Comtois.
14:05 of 1st period - Deflect By Jeremy Bracco.
14:05 of 1st period - Shot Misses the Net.
14:05 of 1st period - Puck is out of play.
14:06 of 1st period - Michael Joly wins face-off versus Andrew Poturalski in Icehogs zone.
14:11 of 1st period - Slapshot by Connor Bunnaman.
14:11 of 1st period - Stopped by Mackenzie Blackwood without a rebound.
14:12 of 1st period - Andrew Poturalski wins face-off versus Michael Joly in Icehogs zone.
14:25 of 1st period - Slapshot by Anatoli Golyshev.
14:25 of 1st period - Stopped by Mackenzie Blackwood without a rebound.
14:26 of 1st period - Jean-Sebastien Dea wins face-off versus Dillon Dube in Icehogs zone.
14:27 of 1st period - Slapshot by Jeremy Bracco.
14:27 of 1st period - Stopped by Mackenzie Blackwood with a rebound.
14:29 of 1st period - Slapshot by Gustav Lindstrom.
14:29 of 1st period - Deflect By Patrick Sieloff.
14:29 of 1st period - Stopped by Mackenzie Blackwood with a rebound.
14:31 of 1st period - Wrist shot by Jeremy Bracco.
14:31 of 1st period - Shot Misses the Net.
14:35 of 1st period - Wrist shot by Jeremy Bracco.
14:35 of 1st period - Stopped by Mackenzie Blackwood with a rebound.
14:37 of 1st period - Snap shot by Jean-Sebastien Dea.
14:37 of 1st period - Stopped by Mackenzie Blackwood with a rebound.
14:39 of 1st period - Slapshot by Ryan Lindgren.
14:39 of 1st period - Stopped by Mackenzie Blackwood with a rebound.
14:41 of 1st period - Slapshot by Jean-Sebastien Dea.
14:41 of 1st period - Shot Blocked by Mikhail Grigorenko.
15:00 of 1st period - Slapshot by Connor Bunnaman.
15:00 of 1st period - Deflect By Anatoli Golyshev.
15:00 of 1st period - Stopped by Mackenzie Blackwood with a rebound.
16:03 of 1st period - Snap shot by Hudson Fasching.
16:03 of 1st period - Stopped by Ukko-Pekka Luukkonen with a rebound.
16:05 of 1st period - Wrist shot by Dillon Dube.
16:05 of 1st period - Stopped by Ukko-Pekka Luukkonen without a rebound.
16:06 of 1st period - Andrew Poturalski wins face-off versus Connor Bunnaman in Crunch zone.
16:12 of 1st period - Off-side.
16:13 of 1st period - Connor Bunnaman wins face-off versus Andrew Poturalski in neutral zone.
16:22 of 1st period - Ryan Lindgren is hit by Andrew Poturalski and loses puck.
16:37 of 1st period - Snap shot by Trevor Zegras.
16:37 of 1st period - Shot Misses the Net.
17:02 of 1st period - Off-side.
17:03 of 1st period - Mikhail Grigorenko wins face-off versus Jean-Sebastien Dea in neutral zone.
17:08 of 1st period - Slapshot by Dillon Dube.
17:08 of 1st period - Shot Blocked by Adam Boqvist.
18:06 of 1st period - Cam Hillis is hit by Dillon Dube and loses puck.
Goals for this period are 1 for Icehogs vs 1 for Crunch.
Shots for this period are 13 for Icehogs vs 15 for Crunch.
2nd period
0:01 of 2nd period - Jean-Sebastien Dea wins face-off versus Dillon Dube in neutral zone.
0:27 of 2nd period - Minor Penalty to Ryan Lindgren for Cross-checking.
0:28 of 2nd period - Dillon Dube wins face-off versus Jean-Sebastien Dea in Crunch zone.
0:41 of 2nd period - Snap shot by Hudson Fasching.
0:41 of 2nd period - Goal by Hudson Fasching - Icehogs : 2 - Crunch : 1.
0:42 of 2nd period - Dillon Dube wins face-off versus Jean-Sebastien Dea in neutral zone.
0:45 of 2nd period - Wrist shot by Hudson Fasching.
0:45 of 2nd period - Shot Blocked by Maxime Comtois.
0:47 of 2nd period - Backhand shot by Dillon Dube.
0:47 of 2nd period - Goal by Dillon Dube - Icehogs : 3 - Crunch : 1.
0:48 of 2nd period - Dillon Dube wins face-off versus Jean-Sebastien Dea in neutral zone.
0:54 of 2nd period - Minor Penalty to Jeremy Bracco for Holding.
0:55 of 2nd period - Maxime Comtois wins face-off versus Dillon Dube in Crunch zone.
2:45 of 2nd period - Connor Bunnaman is hit by Jeremy Davies and loses puck.
2:54 of 2nd period - Penalty to Jeremy Bracco is over, Jeremy Bracco is back on ice.
2:56 of 2nd period - Nikita Scherbak is hit by Joe Veleno and loses puck.
3:28 of 2nd period - Jean-Sebastien Dea is hit by Zach Whitecloud and loses puck.
4:19 of 2nd period - Clark Bishop is hit by Liam Foudy and loses puck.
4:41 of 2nd period - Off-side.
4:42 of 2nd period - Cam Hillis wins face-off versus Dillon Dube in neutral zone.
4:51 of 2nd period - Snap shot by Cam Hillis.
4:51 of 2nd period - Stopped by Mackenzie Blackwood with a rebound.
5:22 of 2nd period - Wrist shot by Mikhail Grigorenko.
5:22 of 2nd period - Stopped by Ukko-Pekka Luukkonen with a rebound.
5:24 of 2nd period - Slapshot by Jeremy Davies.
5:24 of 2nd period - Shot Blocked by Adam Boqvist.
5:26 of 2nd period - Wrist shot by Mikhail Grigorenko.
5:26 of 2nd period - Deflect By Dillon Dube.
5:26 of 2nd period - Stopped by Ukko-Pekka Luukkonen with a rebound.
5:28 of 2nd period - Wrist shot by Dillon Dube.
5:28 of 2nd period - Stopped by Ukko-Pekka Luukkonen without a rebound.
5:29 of 2nd period - Andrew Poturalski wins face-off versus Jean-Sebastien Dea in Crunch zone.
5:37 of 2nd period - Minor Penalty to Trevor Zegras for Roughing.
5:38 of 2nd period - Jean-Sebastien Dea wins face-off versus Dillon Dube in Icehogs zone.
7:37 of 2nd period - Penalty to Trevor Zegras is over, Trevor Zegras is back on ice.
8:08 of 2nd period - Nils Lundkvist is hit by Nikita Scherbak and loses puck.
9:23 of 2nd period - Slapshot by Julius Honka.
9:23 of 2nd period - Stopped by Ukko-Pekka Luukkonen without a rebound.
9:24 of 2nd period - Jean-Sebastien Dea wins face-off versus Andrew Poturalski in Crunch zone.
10:15 of 2nd period - Snap shot by Hudson Fasching.
10:15 of 2nd period - Stopped by Ukko-Pekka Luukkonen with a rebound.
10:17 of 2nd period - Wrist shot by Mikhail Grigorenko.
10:17 of 2nd period - Shot Blocked by Ryan Lindgren.
10:19 of 2nd period - Wrist shot by Mikhail Grigorenko.
10:19 of 2nd period - Shot Misses the Net.
10:21 of 2nd period - Snap shot by Mikhail Grigorenko.
10:21 of 2nd period - Stopped by Ukko-Pekka Luukkonen with a rebound.
10:23 of 2nd period - Wrist shot by Dillon Dube.
10:23 of 2nd period - Shot Misses the Net.
10:25 of 2nd period - Snap shot by Mikhail Grigorenko.
10:25 of 2nd period - Shot Misses the Net.
10:31 of 2nd period - Snap shot by Mikhail Grigorenko.
10:31 of 2nd period - Stopped by Ukko-Pekka Luukkonen with a rebound.
10:33 of 2nd period - Slapshot by Mikhail Grigorenko.
10:33 of 2nd period - Stopped by Ukko-Pekka Luukkonen without a rebound.
10:34 of 2nd period - Jean-Sebastien Dea wins face-off versus Andrew Poturalski in Crunch zone.
10:39 of 2nd period - Snap shot by Adam Boqvist.
10:39 of 2nd period - Stopped by Mackenzie Blackwood without a rebound.
10:40 of 2nd period - Andrew Poturalski wins face-off versus Jean-Sebastien Dea in Icehogs zone.
10:40 of 2nd period - Andrew Poturalski is hit by Jeremy Bracco.
10:48 of 2nd period - Wrist shot by Jean-Sebastien Dea.
10:48 of 2nd period - Stopped by Mackenzie Blackwood without a rebound.
10:49 of 2nd period - Jean-Sebastien Dea wins face-off versus Andrew Poturalski in Icehogs zone.
10:56 of 2nd period - Snap shot by Jean-Sebastien Dea.
10:56 of 2nd period - Stopped by Mackenzie Blackwood with a rebound.
10:58 of 2nd period - Minor Penalty to Nikita Scherbak for Kneeing.
10:59 of 2nd period - Dillon Dube wins face-off versus Jean-Sebastien Dea in Icehogs zone.
11:13 of 2nd period - Off-side.
11:14 of 2nd period - Jean-Sebastien Dea wins face-off versus Dillon Dube in neutral zone.
11:26 of 2nd period - Snap shot by Jean-Sebastien Dea.
11:26 of 2nd period - Shot Misses the Net.
11:28 of 2nd period - Slapshot by Jean-Sebastien Dea.
11:28 of 2nd period - Stopped by Mackenzie Blackwood with a rebound.
12:41 of 2nd period - Julius Honka is hit by Jean-Sebastien Dea and loses puck.
12:58 of 2nd period - Penalty to Nikita Scherbak is over, Nikita Scherbak is back on ice.
13:31 of 2nd period - Slapshot by Julius Honka.
13:31 of 2nd period - Shot Misses the Net.
13:33 of 2nd period - Wrist shot by Patrick Sieloff.
13:33 of 2nd period - Stopped by Ukko-Pekka Luukkonen with a rebound.
14:03 of 2nd period - Anatoli Golyshev is hit by Clark Bishop and loses puck.
14:14 of 2nd period - Jeremy Davies is hit by Gustav Lindstrom and loses puck.
14:47 of 2nd period - Mitchell Chaffee is hit by Ty Dellandrea and loses puck.
15:14 of 2nd period - Snap shot by Jean-Sebastien Dea.
15:14 of 2nd period - Goal by Jean-Sebastien Dea - Icehogs : 3 - Crunch : 2.
15:15 of 2nd period - Dillon Dube wins face-off versus Maxime Comtois in neutral zone.
15:22 of 2nd period - Snap shot by Hudson Fasching.
15:22 of 2nd period - Deflect By Dillon Dube.
15:22 of 2nd period - Shot Misses the Net.
15:22 of 2nd period - Puck is out of play.
15:23 of 2nd period - Dillon Dube wins face-off versus Jean-Sebastien Dea in Crunch zone.
17:11 of 2nd period - Snap shot by Liam Foudy.
17:11 of 2nd period - Stopped by Mackenzie Blackwood without a rebound.
17:12 of 2nd period - Ben Johnson wins face-off versus Dylan Cozens in Icehogs zone.
17:17 of 2nd period - Snap shot by Dylan Cozens.
17:17 of 2nd period - Shot Misses the Net.
17:19 of 2nd period - Slapshot by Scott Perunovich.
17:19 of 2nd period - Stopped by Mackenzie Blackwood with a rebound.
17:39 of 2nd period - Slapshot by Anatoli Golyshev.
17:39 of 2nd period - Stopped by Mackenzie Blackwood with a rebound.
18:19 of 2nd period - Slapshot by Patrick Sieloff.
18:19 of 2nd period - Shot Blocked by Thomas Harley.
18:25 of 2nd period - Wrist shot by Ben Johnson.
18:25 of 2nd period - Shot Misses the Net.
18:27 of 2nd period - Wrist shot by Ben Johnson.
18:27 of 2nd period - Stopped by Ukko-Pekka Luukkonen with a rebound.
18:29 of 2nd period - Slapshot by Julius Honka.
18:29 of 2nd period - Stopped by Ukko-Pekka Luukkonen without a rebound.
18:30 of 2nd period - Nikita Scherbak wins face-off versus Jean-Sebastien Dea in Crunch zone.
19:02 of 2nd period - Off-side.
19:03 of 2nd period - Liam Foudy wins face-off versus Gabriel Fortier in neutral zone.
19:11 of 2nd period - Gustav Lindstrom is hit by Jeremy Davies and loses puck.
19:44 of 2nd period - Wrist shot by Mikhail Grigorenko.
19:44 of 2nd period - Shot Misses the Net.
19:56 of 2nd period - Snap shot by Connor Bunnaman.
19:56 of 2nd period - Shot Blocked by Nikita Scherbak.
19:58 of 2nd period - Snap shot by Michael Joly.
19:58 of 2nd period - Shot Misses the Net.
Goals for this period are 2 for Icehogs vs 1 for Crunch.
Shots for this period are 13 for Icehogs vs 9 for Crunch.
3rd period
0:01 of 3rd period - Jean-Sebastien Dea wins face-off versus Dillon Dube in neutral zone.
0:16 of 3rd period - Maxime Comtois is hit by Hudson Fasching and loses puck.
0:35 of 3rd period - Wrist shot by Ben Johnson.
0:35 of 3rd period - Stopped by Ukko-Pekka Luukkonen with a rebound.
0:37 of 3rd period - Slapshot by Calle Andersson.
0:37 of 3rd period - Goal by Calle Andersson - Icehogs : 4 - Crunch : 2.
0:38 of 3rd period - Dillon Dube wins face-off versus Connor Bunnaman in neutral zone.
1:05 of 3rd period - Gustav Lindstrom is hit by Andrew Poturalski.
1:08 of 3rd period - Off-side.
1:09 of 3rd period - Andrew Poturalski wins face-off versus Jean-Sebastien Dea in neutral zone.
1:23 of 3rd period - Snap shot by Jeremy Bracco.
1:23 of 3rd period - Stopped by Mackenzie Blackwood without a rebound.
1:24 of 3rd period - Connor Bunnaman wins face-off versus Dillon Dube in Icehogs zone.
2:13 of 3rd period - Patrick Sieloff is hit by Adam Boqvist and loses puck.
2:44 of 3rd period - Wrist shot by Liam Foudy.
2:44 of 3rd period - Shot Blocked by Mikhail Grigorenko.
2:56 of 3rd period - Wrist shot by Mikhail Grigorenko.
2:56 of 3rd period - Stopped by Ukko-Pekka Luukkonen with a rebound.
2:58 of 3rd period - Slapshot by Patrick Sieloff.
2:58 of 3rd period - Shot Misses the Net.
3:30 of 3rd period - Wrist shot by Hudson Fasching.
3:30 of 3rd period - Shot Blocked by Adam Boqvist.
3:32 of 3rd period - Wrist shot by Hudson Fasching.
3:32 of 3rd period - Stopped by Ukko-Pekka Luukkonen without a rebound.
3:33 of 3rd period - Andrew Poturalski wins face-off versus Jean-Sebastien Dea in Crunch zone.
3:40 of 3rd period - Wrist shot by Jean-Sebastien Dea.
3:40 of 3rd period - Deflect By Maxime Comtois.
3:40 of 3rd period - Shot Blocked by Jeremy Davies.
3:40 of 3rd period - Puck is out of play.
3:41 of 3rd period - Jean-Sebastien Dea wins face-off versus Andrew Poturalski in Icehogs zone.
3:44 of 3rd period - Wrist shot by Jean-Sebastien Dea.
3:44 of 3rd period - Shot Blocked by Jeremy Davies.
3:46 of 3rd period - Wrist shot by Jean-Sebastien Dea.
3:46 of 3rd period - Deflect By Maxime Comtois.
3:46 of 3rd period - Shot Misses the Net.
3:46 of 3rd period - Puck is out of play.
3:47 of 3rd period - Andrew Poturalski wins face-off versus Jean-Sebastien Dea in Icehogs zone.
4:14 of 3rd period - Calle Andersson is hit by Michael Joly and loses puck.
4:53 of 3rd period - Wrist shot by Jeremy Bracco.
4:53 of 3rd period - Deflect By Jean-Sebastien Dea.
4:53 of 3rd period - Stopped by Mackenzie Blackwood with a rebound.
4:55 of 3rd period - Snap shot by Scott Perunovich.
4:55 of 3rd period - Shot Misses the Net.
5:07 of 3rd period - Snap shot by Ben Johnson.
5:07 of 3rd period - Shot Misses the Net.
5:09 of 3rd period - Slapshot by Zach Whitecloud.
5:09 of 3rd period - Shot Misses the Net.
5:39 of 3rd period - Maxime Comtois is hit by JJ. Piccinich and loses puck.
6:42 of 3rd period - Minor Penalty to Anatoli Golyshev for Roughing.
6:43 of 3rd period - Jean-Sebastien Dea wins face-off versus Dillon Dube in Crunch zone.
6:52 of 3rd period - Slapshot by Calle Andersson.
6:52 of 3rd period - Stopped by Ukko-Pekka Luukkonen without a rebound.
6:53 of 3rd period - Jean-Sebastien Dea wins face-off versus Dillon Dube in Crunch zone.
6:53 of 3rd period - Jean-Sebastien Dea is hit by Hudson Fasching.
7:05 of 3rd period - Snap shot by Hudson Fasching.
7:05 of 3rd period - Stopped by Ukko-Pekka Luukkonen with a rebound.
7:07 of 3rd period - Slapshot by Calle Andersson.
7:07 of 3rd period - Stopped by Ukko-Pekka Luukkonen without a rebound.
7:08 of 3rd period - Jean-Sebastien Dea wins face-off versus Dillon Dube in Crunch zone.
7:21 of 3rd period - Slapshot by Hudson Fasching.
7:21 of 3rd period - Stopped by Ukko-Pekka Luukkonen with a rebound.
7:23 of 3rd period - Snap shot by Hudson Fasching.
7:23 of 3rd period - Shot Blocked by Maxime Comtois.
7:39 of 3rd period - Snap shot by Trevor Zegras.
7:39 of 3rd period - Stopped by Ukko-Pekka Luukkonen without a rebound.
7:40 of 3rd period - Andrew Poturalski wins face-off versus Connor Bunnaman in Crunch zone.
7:47 of 3rd period - Wrist shot by Nikita Scherbak.
7:47 of 3rd period - Stopped by Ukko-Pekka Luukkonen with a rebound.
7:49 of 3rd period - Wrist shot by Nikita Scherbak.
7:49 of 3rd period - Shot Blocked by Nils Lundkvist.
7:51 of 3rd period - Wrist shot by Trevor Zegras.
7:51 of 3rd period - Shot Blocked by Joe Veleno.
7:53 of 3rd period - Snap shot by Trevor Zegras.
7:53 of 3rd period - Goal by Trevor Zegras - Icehogs : 5 - Crunch : 2.
7:54 of 3rd period - Dillon Dube wins face-off versus Jean-Sebastien Dea in neutral zone.
8:15 of 3rd period - Jean-Sebastien Dea is hit by Patrick Sieloff and loses puck.
8:32 of 3rd period - Wrist shot by Anatoli Golyshev.
8:32 of 3rd period - Shot Misses the Net.
9:02 of 3rd period - Liam Foudy is hit by Calle Andersson and loses puck.
9:37 of 3rd period - Snap shot by Hudson Fasching.
9:37 of 3rd period - Shot Misses the Net.
9:39 of 3rd period - Snap shot by Hudson Fasching.
9:39 of 3rd period - Shot Blocked by Jeremy Bracco.
9:41 of 3rd period - Snap shot by Calle Andersson.
9:41 of 3rd period - Stopped by Ukko-Pekka Luukkonen without a rebound.
9:42 of 3rd period - Dillon Dube wins face-off versus Connor Bunnaman in Crunch zone.
10:16 of 3rd period - Slapshot by Trevor Zegras.
10:16 of 3rd period - Stopped by Ukko-Pekka Luukkonen without a rebound.
10:17 of 3rd period - Jean-Sebastien Dea wins face-off versus Andrew Poturalski in Crunch zone.
10:27 of 3rd period - Off-side.
10:28 of 3rd period - Jean-Sebastien Dea wins face-off versus Dillon Dube in neutral zone.
10:39 of 3rd period - Slapshot by Mikhail Grigorenko.
10:39 of 3rd period - Stopped by Ukko-Pekka Luukkonen without a rebound.
10:40 of 3rd period - Dillon Dube wins face-off versus Jean-Sebastien Dea in Crunch zone.
11:07 of 3rd period - Julius Honka is hit by Connor Bunnaman and loses puck.
11:16 of 3rd period - Wrist shot by Connor Bunnaman.
11:16 of 3rd period - Stopped by Mackenzie Blackwood with a rebound.
11:18 of 3rd period - Slapshot by Connor Bunnaman.
11:18 of 3rd period - Shot Misses the Net.
11:49 of 3rd period - Off-side.
11:50 of 3rd period - Mitchell Chaffee wins face-off versus Cam Hillis in neutral zone.
12:01 of 3rd period - Snap shot by Ty Dellandrea.
12:01 of 3rd period - Stopped by Mackenzie Blackwood with a rebound.
12:03 of 3rd period - Slapshot by Gustav Lindstrom.
12:03 of 3rd period - Stopped by Mackenzie Blackwood without a rebound.
12:04 of 3rd period - Dillon Dube wins face-off versus Jean-Sebastien Dea in Icehogs zone.
12:04 of 3rd period - Dillon Dube is hit by Jean-Sebastien Dea.
12:14 of 3rd period - Snap shot by Jean-Sebastien Dea.
12:14 of 3rd period - Stopped by Mackenzie Blackwood without a rebound.
12:15 of 3rd period - Jean-Sebastien Dea wins face-off versus Dillon Dube in Icehogs zone.
12:26 of 3rd period - Snap shot by Maxime Comtois.
12:26 of 3rd period - Deflect By Jean-Sebastien Dea.
12:26 of 3rd period - Stopped by Mackenzie Blackwood with a rebound.
12:28 of 3rd period - Snap shot by Jean-Sebastien Dea.
12:28 of 3rd period - Stopped by Mackenzie Blackwood without a rebound.
12:29 of 3rd period - Jean-Sebastien Dea wins face-off versus Andrew Poturalski in Icehogs zone.
12:54 of 3rd period - Dillon Dube is hit by Ryan Lindgren and loses puck.
12:59 of 3rd period - Wrist shot by Connor Bunnaman.
12:59 of 3rd period - Shot Misses the Net.
13:01 of 3rd period - Wrist shot by Anatoli Golyshev.
13:01 of 3rd period - Shot Blocked by Julius Honka.
13:37 of 3rd period - Brandon Biro is hit by Ross Johnston and loses puck.
13:44 of 3rd period - Slapshot by Patrick Sieloff.
13:44 of 3rd period - Shot Blocked by Scott Perunovich.
14:25 of 3rd period - Snap shot by Anatoli Golyshev.
14:25 of 3rd period - Stopped by Mackenzie Blackwood with a rebound.
14:51 of 3rd period - Snap shot by Ben Johnson.
14:51 of 3rd period - Stopped by Ukko-Pekka Luukkonen with a rebound.
15:55 of 3rd period - Off-side.
15:56 of 3rd period - Jeremy Bracco wins face-off versus Andrew Poturalski in neutral zone.
16:21 of 3rd period - Nikita Scherbak is hit by Gustav Lindstrom.
16:29 of 3rd period - Zach Whitecloud is hit by Gustav Lindstrom.
17:01 of 3rd period - Wrist shot by Andrew Poturalski.
17:01 of 3rd period - Stopped by Ukko-Pekka Luukkonen without a rebound.
17:02 of 3rd period - Jean-Sebastien Dea wins face-off versus Dillon Dube in Crunch zone.
17:27 of 3rd period - JJ. Piccinich is hit by Connor Bunnaman and loses puck.
18:00 of 3rd period - Patrick Sieloff is hit by Ty Dellandrea and loses puck.
18:17 of 3rd period - Snap shot by Cam Hillis.
18:17 of 3rd period - Stopped by Mackenzie Blackwood without a rebound.
18:18 of 3rd period - Dillon Dube wins face-off versus Jean-Sebastien Dea in Icehogs zone.
18:48 of 3rd period - Calle Andersson is hit by Maxime Comtois and loses puck.
19:15 of 3rd period - Slapshot by Mikhail Grigorenko.
19:15 of 3rd period - Stopped by Ukko-Pekka Luukkonen without a rebound.
19:16 of 3rd period - Connor Bunnaman wins face-off versus Andrew Poturalski in Crunch zone.
19:20 of 3rd period - Off-side.
19:21 of 3rd period - Connor Bunnaman wins face-off versus Andrew Poturalski in neutral zone.
19:58 of 3rd period - Wrist shot by Dylan Cozens.
19:58 of 3rd period - Stopped by Mackenzie Blackwood without a rebound.
19:59 of 3rd period - Dillon Dube wins face-off versus Jean-Sebastien Dea in Icehogs zone.
Goals for this period are 2 for Icehogs vs 0 for Crunch.
Shots for this period are 17 for Icehogs vs 11 for Crunch.